 Dungeon Crawl Stone Soup version 0.15.2 (webtiles) character file.

84 PacanyLair8Gorit the Firebug (level 4, -3/24 HPs)
             Began as a Gargoyle Fire Elementalist on Dec 10, 2014.
             Killed from afar by an orc wizard (8 damage)
             ... with a magic dart
             ... on Level 3 of the Dungeon.
             The game lasted 00:07:35 (2427 turns).

PacanyLair8Gorit the Firebug (GrFE)                 Turns: 2427, Time: 00:07:36

HP  -3/24        AC  5     Str 12      XL: 4   Next: 46%
MP   0/8         EV 12     Int 16      God:
Gold 96          SH  0     Dex 10      Spells:  3 memorised,  0 levels left

rFire  . . .     SeeInvis .     (no weapon)
rCold  . . .     Clarity  .     a - +0 robe
rNeg   + . .     rCorr    .     (no shield)
rPois  +         rRot     +     (no helmet)
rElec  +         Spirit   .     (no cloak)
SustAb .         Warding  .     (no gloves)
rMut   .         Stasis   .     (no boots)
Gourm  .                        (no amulet)
MR     .....                    (no ring)
                                (no ring)

@: very slightly contaminated, starving, not resistant to hostile enchantments,
unstealthy
A: negative energy resistance 1, electricity resistance, unbreathing,
petrification resistance, rot immunity, AC +3
a: no special abilities


You were on level 3 of the Dungeon.
You were starving.

You visited 1 branch of the dungeon, and saw 3 of its levels.

You collected 96 gold pieces.

Inventory:

Hand weapons
 j - a cursed -3 whip
Armour
 a - a +0 robe (worn)
 d - a +0 cloak
 h - a +2 cloak
Magical devices
 n - a wand of confusion (7)
 y - a wand of polymorph (16)
Comestibles
 c - 2 bread rations
 f - a slice of pizza
 q - 3 meat rations
Scrolls
 i - a scroll of remove curse {unknown}
 k - a scroll of recharging {unknown}
 l - a scroll of enchant weapon {unknown}
 p - a scroll of blinking {unknown}
 r - a scroll of teleportation
 u - a scroll of noise {unknown}
 v - a scroll of magic mapping {unknown}
 w - a scroll of random uselessness {unknown}
Jewellery
 t - an uncursed ring of stealth {unknown}
Potions
 e - 2 potions of flight {unknown}
 g - 2 potions of might
 m - 3 potions of curing {unknown}
 o - 2 potions of heal wounds {unknown}
 s - a potion of restore abilities {unknown}
 x - a potion of resistance {unknown}
Books
 b - a book of Flames

   Spells                             Type                      Level
   *Flame Tongue                      Conjuration/Fire             1
   Throw Flame                        Conjuration/Fire             2
   *Conjure Flame                     Conjuration/Fire             3
   Inner Flame                        Hexes/Fire                   3
   *Sticky Flame                      Conjuration/Fire             4
   Fireball                           Conjuration/Fire             5


   Skills:
 - Level 1.5 Dodging
 - Level 2.1 Stealth
 - Level 2.5 Spellcasting
 * Level 3.1 Conjurations
 * Level 3.9 Fire Magic


You couldn't memorise any spells.
You knew the following spells:

 Your Spells              Type           Power        Failure   Level  Hunger
a - Flame Tongue          Conj/Fire      ##...        6%          1    #......
b - Conjure Flame         Conj/Fire      ##......     14%         3    ###....
c - Sticky Flame          Conj/Fire      ##......     50%         4    #####..


Dungeon Overview and Level Annotations

Branches:
Dungeon (3/15)

Altars:


Innate Abilities, Weirdness & Mutations

You are resistant to torment.
You are immune to poison.
Your stone body is very resilient (AC +3).
You resist negative energy.
You are resistant to electric shocks.
You can survive without breathing.
You are immune to petrification.
You are immune to rotting.


Message History

You resist.
The orc wizard gestures at you while chanting.
The magic dart hits you!
* * * LOW HITPOINT WARNING * * *
You closely miss the orc wizard. The orc wizard closely misses you.
You hit the orc wizard but do no damage.
The orc wizard closely misses you. The orc wizard barely misses you.
Casting: Flame Tongue
Confirm with . or Enter, or press ? or * to list all spells.
Aiming: Sticky Flame
Press: ? - help, Shift-Dir - straight line, f/p - orc wizard
Aim: an orc wizard, wielding a dagger and wearing a robe (fast)
You miscast Sticky Flame.
You smell something strange.
You are starving!
The orc wizard barely misses you. The orc wizard closely misses you.
Unknown command.
The orc wizard points at you and mumbles some strange words.
The magic dart hits you!
You die...

...# ##.##.#####
##.# #.........# #.#
#.#######.# #.# #.#
#.# #.# #.# #.# #.#
#.# ### #.. ##.#
#.###o###.# #.#####.
...#######.##.#.##.#
#..<...
##.........#.###@#.#
#.#####.
#.#######....#....#
#.#
#.......#.#######
#.#
#.#####...........
#.# ########### #.#
#.# #.. #


You could see an orc wizard.

Vanquished Creatures
  Jessica (D:2)
  Terence (D:2)
  An adder (D:2)
  A giant mite (D:1)
  A worm (D:3)
  An ooze (D:1)
  8 bats
  A giant cockroach (D:1)
  3 goblins (D:1)
  A hobgoblin (D:1)
  3 jackals (D:2)
  2 giant newts (D:1)
  5 kobolds
  8 rats
37 creatures vanquished.

Notes
Turn   | Place    | Note
--------------------------------------------------------------
     0 | D:1      | PacanyLair8Gorit, the Gargoyle Fire Elementalist, began the quest for the Orb.
     0 | D:1      | Reached XP level 1. HP: 10/10 MP: 3/3
   170 | D:1      | Reached XP level 2. HP: 7/15 MP: 0/4
   821 | D:1      | Reached XP level 3. HP: 19/19 MP: 2/6
   861 | D:1      | Learned a level 3 spell: Conjure Flame
  1179 | D:2      | Noticed Terence
  1335 | D:2      | Noticed Jessica
  1339 | D:2      | Killed Jessica
  1535 | D:2      | Reached XP level 4. HP: 24/24 MP: 5/8
  1576 | D:2      | Learned a level 4 spell: Sticky Flame
  1762 | D:2      | Killed Terence
  2427 | D:3      | Killed from afar by an orc wizard

Action                   |  1- 3 |  4- 6 || total
-------------------------+-------+-------++-------
Melee: Unarmed           |    14 |    12 ||    26
 Cast: Flame Tongue      |    55 |    21 ||    76
       Sticky Flame      |       |     1 ||     1
Evoke: Wand              |       |     2 ||     2
  Use: Scroll            |       |     1 ||     1
  Eat: Chunk             |     3 |     1 ||     4
